Map: Blackburn LE

Players

MacroLover

  • Race: Terran Terran
  • League: Master
  • Spawn Location: 5:00

llllllllllll - Winner!

  • Race: Protoss Protoss
  • League: Master
  • Spawn Location: 7:00

VOD

Have the link to the VOD?

Description

Time

  • Played on: March 11, 2022, 12:28 p.m.
  • Length: 5:50
Show
View Real Time Build Order
Export as new Build Order

MacroLover Terran 

Build Orders:  

Get SALT Encoding   

  12  0:00  SCV  
  13  0:12  SCV  
  14  0:17  Supply Depot  
  14  0:24  SCV  
  15  0:39  SCV  
  15  0:41  Barracks  
  16  0:47  Refinery  
  16  0:51  SCV  
  17  1:00  Engineering Bay  
  17  1:04  SCV  
  18  1:16  SCV  
  19  1:32  Orbital Command  
  19  1:34  Marine  
  20  1:42  Supply Depot  
  20  1:49  Factory  
  20  2:00  SCV  
  20  2:11  Bunker  
  20  2:12  SCV, Marine  
  22  2:24  SCV  
  23  2:36  SCV  
  24  2:46  Barracks Reactor, Factory Tech Lab  
  24  2:48  SCV  
  24  2:55  Engineering Bay  
  24  3:08  Cyclone  
  28  3:16  Supply Depot  
  27  3:23  Missile Turret  
  27  3:30  Refinery  
  27  3:33  Missile Turret  
  27  3:37  Marine  
  28  3:41  Supply Depot  
  28  3:56  Marine  
  28  3:59  Cyclone  
  31  4:10  SCV  
  29  4:21  Marine  
  28  4:42  Cyclone, Missile Turret  
  28  4:43  Missile Turret  
  31  4:53  Bunker  
  31  4:56  Supply Depot  
  31  4:57  SCV  
  26  5:28  Missile Turret  
  26  5:30  Missile Turret  
  26  5:32  Factory Tech Lab  
Show
View Real Time Build Order
Export as new Build Order

llllllllllll Protoss - Winner!

Build Orders: Proxy Void Ray 

Get SALT Encoding   

  12  0:09  Pylon  
  13  0:14  Probe  
  13  0:26  Probe  
  14  0:31  Gateway  
  14  0:38  Probe  
  15  0:43  Assimilator  
  15  0:50  Probe  
  15  0:54  Assimilator  
  16  1:01  Assimilator  
  16  1:04  Probe  
  18  1:19  Cybernetics Core  
  18  1:22  Probe  
  18  1:34  Pylon  
  18  1:38  Probe  
  19  1:56  Stalker (Chrono Boost)  
  19  2:00  Stargate  
  20  2:10  Shield Battery  
  20  2:16  Probe  
  21  2:23  Stalker  
  24  2:33  Pylon  
  23  2:43  Void Ray (Chrono Boost)  
  27  2:58  Shield Battery  
  27  3:15  Pylon, Void Ray (Chrono Boost)  
  31  3:40  Shield Battery  
  31  3:46  Void Ray (Chrono Boost)  
  31  3:52  Shield Battery  
  35  4:02  Shield Battery  
  35  4:11  Shield Battery  
  35  4:18  Shield Battery  
  35  4:22  Void Ray  
  39  4:48  Shield Battery  
  39  4:59  Void Ray (Chrono Boost)  
  39  5:32  Pylon  
Tags
 
Add a new tag
Caveats
  • Supply blocks, unpowered buildings, or Contaminate may cause inaccurate times.
  • Supply counts are checked every 10 seconds.